 Dungeon Crawl Stone Soup version 0.25-a0-583-g696c2ac64d (webtiles) character file.

Game seed: 14690224523168894741, levelgen mode: deterministic

41 Kohma the Insei (level 3, 0/23 HPs)
             Began as an Octopode Transmuter on Mar 8, 2020.
             Slain by a bat (1 damage)
             ... on level 2 of the Dungeon.
             The game lasted 00:03:06 (1519 turns).

Kohma the Insei (Octopode Transmuter)               Turns: 1519, Time: 00:03:07

Health: 0/23       AC:  1    Str:  9    XL:     3   Next: 52%
Magic:  7/7        EV: 13    Int: 16    God:
Gold:   65         SH:  0    Dex: 12    Spells: 4/7 levels left

rFire    . . .     SeeInvis +     - Unarmed
rCold    . . .     Gourm    .   (no shield)
rNeg     . . .     Faith    .   (helmet restricted)
rPois    .         Spirit   .   (no amulet)
rElec    .         Reflect  .   g - ring of see invisible
rCorr    .         Harm     .   (no ring)
MR       .....                  (no ring)
Stlth    ++........             (no ring)
HPRegen  0.07/turn              (no ring)
MPRegen  0.10/turn              (no ring)
                                (no ring)
                                (no ring)

@: appendage (expiring)
A: almost no armour, stealthy swim, amphibious, 8 rings, constrict 8, tentacle
spike 3, camouflage 1, gelatinous body 1
a: End Transformation


You were on level 2 of the Dungeon.
You were not hungry.
One of your tentacles had a temporary spike.
You visited 1 branch of the dungeon, and saw 2 of its levels.

You collected 65 gold pieces.

Inventory:

Hand Weapons
 e - a +1 vorpal hunting sling
Missiles
 a - 38 arrows
 f - 94 stones (quivered)
 m - 21 sling bullets
Jewellery
 g - a ring of see invisible (left tentacle)
Scrolls
 b - a scroll of fear {unknown}
 h - a scroll of amnesia {unknown}
 i - 2 scrolls of remove curse {unknown}
 j - a scroll of enchant armour {unknown}
 k - a scroll of fog {unknown}
 l - a scroll of enchant weapon {unknown}
 n - a scroll of teleportation {unknown}
Comestibles
 c - 3 rations
 d - 3 chunks of flesh


   Skills:
 - Level 1.0 Fighting
 - Level 2.0 Dodging
 - Level 3.0 Unarmed Combat
 + Level 2.9 Spellcasting
 + Level 3.0 Transmutations


You had 4 spell levels left.
You knew the following spells:

 Your Spells              Type           Power        Failure   Level  Hunger
a - Beastly Appendage     Tmut           ##....       5%          1    #......
b - Sticks to Snakes      Tmut           ##......     9%          2    ##.....

Your spell library contained the following spells:

 Spells                   Type           Power        Failure   Level  Hunger
 Spider Form              Tmut/Pois      #.........   30%         3    ###....
 Ice Form                 Ice/Tmut       #.......     71%         4    #####..
 Blade Hands              Tmut           ##........   83%         5    ######.


Dungeon Overview and Level Annotations

Branches:
Dungeon (2/15)

Altars:


Innate Abilities, Weirdness & Mutations

You cannot wear most types of armour.
You are very stealthy in the water. (Stealth+)
You are amphibious.
You can wear up to eight rings at the same time.
You can use your tentacles to constrict eight enemies at once.
Your skin changes colour to match your surroundings (Stealth+).
Your rubbery body absorbs attacks. (AC +1, EV +1)
One of your tentacles bears a large vicious spike.


Message History

The bat barely misses you. The bat hits you.
You barely miss the worm. You grab the worm.
You pierce the worm.
The worm is lightly wounded.
You constrict the worm.
The bat hits you. x2; The worm barely misses you.
You tentacle-slap the worm but do no damage.
The worm is lightly wounded.
You constrict the worm. The bat closely misses you.
You tentacle-slap the worm.
The worm is moderately wounded.
You constrict the worm. The bat closely misses you.
The bat hits you but does no damage. The worm bites you!
* * * LOW HITPOINT WARNING * * *
You release your grip on the worm.
Your transformation is almost over.
The bat barely misses you. The bat hits you but does no damage.
The bat barely misses you. The bat misses you.
The bat hits you but does no damage. The bat hits you.
You die...

#.# #...# #.# #..## #.#
#..# #.. #..# ###### ###
#..# #..... ##
#######..# #.#### #..
.........# #.#
###..########..##.# #.#
...........b@.....# #.#
.........w..!.†#### #.#
##..#..........# #.####
#
#..###.....########.##..
.....#
#..................
#..#.##
#.....#######.###.#
#...# #.....# #.# #.#
#..# ....### #.# #.# ##.
##### #.# #.#


You could see a worm and a bat.

Vanquished Creatures
  An adder (D:2)
  2 dart slugs
  A leopard gecko (D:2)
  A bat (D:2)
  4 giant cockroaches (D:2)
  2 goblins
  3 hobgoblins
  2 jackals (D:1)
  3 kobolds
  A frilled lizard (D:1)
  4 rats
24 creatures vanquished.

Notes
Turn   | Place    | Note
-------+----------+-------------------------------------------
     0 | D:1      | Kohma the Octopode Transmuter began the quest for the Orb.
     0 | D:1      | Reached XP level 1. HP: 13/13 MP: 3/3
   326 | D:1      | Reached XP level 2. HP: 11/18 MP: 5/5
   893 | D:2      | Learned a level 2 spell: Sticks to Snakes
  1031 | D:2      | Reached XP level 3. HP: 9/23 MP: 5/7
  1514 | D:2      | HP: 1/23 [worm (8)]
  1519 | D:2      | Slain by a bat

Levels and vault maps discovered:
D:1:      ncdulo_halloftheorcs, layout_rooms, minmay_tetromino_l2
D:2:      layout_loops_ring

Skill      XL: |  1  2  3 |
---------------+----------+-----
Transmutations | 3 |  3.0
Fighting       | |  1.0
Dodging        | |  2.0
Unarmed Combat | |  3.0
Spellcasting   | |  2.9

Action                   || total
-------------------------++-------
Melee: Unarmed           ||    61
       Constrict         ||    22
       Tentacles         ||    11
       Kick              ||     9
       Punch             ||     2
 Cast: Beastly Appendage ||     9
  Use: Potion            ||     2
 Stab: Sleeping          ||     1
  Eat: Chunk             ||     2
Armor: Skin              ||    13
Dodge: Dodged            ||    56

Table legend:
 A = Non-vault XP
 B = Vault XP
 C = Vault XP percentage of total XP
 D = Non-vault monster count
 E = Vault monster count
 F = Vault count percentage of total count
                 A         B        C        D         E       F
            +---------+---------+-------+---------+---------+-------
      Total |      53 |       6 |  10.2 |      22 |       2 |   8.3
            +---------+---------+-------+---------+---------+-------
        D:1 |      12 |       6 |  33.3 |       7 |       2 |  22.2
        D:2 |      41 |       0 |   0.0 |      15 |       0 |   0.0
            +---------+---------+-------+---------+---------+-------
